ESL (28 & UNDER)
BUFFALO LIGHTSABRES @ KINGSTON IGUANAS
08/10/2027
 
TOP OF THE 1ST
Buffalo LightSabres batting - Pitching for Kingston Iguanas : RHP Tom Hicks
Pitching: RHP Tom Hicks
Batting: SHB Manuel Jiménez 0-0: Fly out, F8 (Flyball, 89M)
Batting: SHB Jason Mason 0-0: Ball
1-0: Called Strike
1-1: Ground out 1-3 (Groundball, P)
Batting: RHB Júlio López 0-0: Ball
1-0: Ball
2-0: Ball
3-0: Called Strike
3-1: Called Strike
3-2: Base on Balls
Batting: LHB Zack Payton 0-0: Ball
1-0: Ball
2-0: Foul Ball, location: 2F
2-1: Swinging Strike
2-2: Ball
3-2: Base on Balls
Júlio López to second
Batting: SHB Javier Jiménez 0-0: Ball
1-0: SINGLE (Line Drive, 9S)
Júlio López to third
Zack Payton to second
Runner from 3rd tries for Home, SAFE, no throw
Batting: RHB Ramăo Almana 0-0: Foul Ball, location: 2F
0-1: Swinging Strike
0-2: Ball
1-2: Ball
2-2: Foul Ball, location: 2F
2-2: Strikes out swinging
Top of the 1st over - 1 run(s), 1 hit(s), 0 error(s), 2 left on base; Buffalo 1 - Kingston 0
BOTTOM OF THE 1ST
Kingston Iguanas batting - Pitching for Buffalo LightSabres : RHP Albert Colwill
Pitching: RHP Albert Colwill
Batting: RHB Jesús Villalobos 0-0: Foul Ball, location: 2F
0-1: Ball
1-1: Ground out 1-3 (Groundball, 13S)
Batting: LHB Will Holt 0-0: Called Strike
0-1: Swinging Strike
0-2: Ball
1-2: Foul Ball, location: 2F
1-2: Ball
2-2: Ball
3-2: Foul Ball, location: 2F
3-2: Base on Balls
Batting: LHB Poto Vasilini 0-0: Swinging Strike
0-1: Called Strike
0-2: Foul Ball, location: 2F
0-2: Strikes out looking
Batting: RHB Luis Aguilar 0-0: Fielders Choice at 2nd, 4-6 (Groundball, 4)
Bottom of the 1st over - 0 run(s), 0 hit(s), 0 error(s), 0 left on base; Buffalo 1 - Kingston 0
TOP OF THE 2ND
Buffalo LightSabres batting - Pitching for Kingston Iguanas : RHP Tom Hicks
Batting: RHB Alfredo Villegas 0-0: Ball
1-0: Ball
2-0: Called Strike
2-1: Foul Ball, location: 2F
2-2: Strikes out swinging
Batting: LHB Rob Davidson 0-0: Called Strike
0-1: Ball
1-1: Called Strike
1-2: Ball
2-2: Strikes out swinging
Batting: RHB Donato Gozende 0-0: Ball
1-0: Ball
2-0: Called Strike
2-1: Called Strike
2-2: Foul Ball, location: 2F
2-2: Ball
3-2: Foul Ball, location: 2F
3-2: Base on Balls
Batting: SHB Manuel Jiménez 0-0: Ball
1-0: Ball
2-0: Called Strike
2-1: Ball
3-1: Foul Ball, location: 2F
3-2: Strikes out looking
Top of the 2nd over - 0 run(s), 0 hit(s), 0 error(s), 1 left on base; Buffalo 1 - Kingston 0
BOTTOM OF THE 2ND
Kingston Iguanas batting - Pitching for Buffalo LightSabres : RHP Albert Colwill
Batting: RHB Tim Davis 0-0: Foul Ball, location: 2F
0-1: Foul Ball, location: 2F
0-2: Ball
1-2: Foul Ball, location: 2F
1-2: Foul Ball, location: 2F
1-2: Ball
2-2: Foul Ball, location: 2F
2-2: Ball
3-2: DOUBLE (Line Drive, 78D) - OUT at third base trying to stretch hit.
Batting: SHB Devin Smith 0-0: Ball
1-0: Ball
2-0: Ball
3-0: Base on Balls
Batting: RHB Matt Rodríguez 0-0: Ball
1-0: Ball
2-0: Foul Ball, location: 2F
2-1: Fly out, F9 (Flyball, 89S)
Batting: RHB Diego Francisco 0-0: Called Strike
Devin Smith steals 2nd base
0-1: Ball
1-1: Called Strike
1-2: Strikes out swinging
Bottom of the 2nd over - 0 run(s), 1 hit(s), 0 error(s), 1 left on base; Buffalo 1 - Kingston 0
TOP OF THE 3RD
Buffalo LightSabres batting - Pitching for Kingston Iguanas : RHP Tom Hicks
Batting: SHB Jason Mason 0-0: Ball
1-0: Ground out 4-3 (Groundball, 4D)
Batting: RHB Júlio López 0-0: Ball
1-0: Ground out 5-3 (Groundball, 56)
Batting: LHB Zack Payton 0-0: Called Strike
0-1: Swinging Strike
0-2: Ball
1-2: Foul Ball, location: 2F
1-2: Ball
2-2: Ball
3-2: Base on Balls
Batting: SHB Javier Jiménez 0-0: Called Strike
0-1: Called Strike
0-2: Strikes out swinging
Top of the 3rd over - 0 run(s), 0 hit(s), 0 error(s), 1 left on base; Buffalo 1 - Kingston 0
BOTTOM OF THE 3RD
Kingston Iguanas batting - Pitching for Buffalo LightSabres : RHP Albert Colwill
Batting: RHB Fred McPhun 0-0: Ball
1-0: Fly out, F9 (Flyball, 9LS)
Batting: RHB Jesús Villalobos 0-0: SINGLE (Line Drive, 7LS)
Batting: LHB Will Holt 0-0: Ball
1-0: Called Strike
1-1: Ball
2-1: Ball
3-1: Fielders Choice at 2nd, 6-4 (Groundball, 56)
Batting: LHB Poto Vasilini 0-0: Called Strike
0-1: Ball
1-1: Called Strike
1-2: Ball
2-2: Ball
3-2: Strikes out swinging
Bottom of the 3rd over - 0 run(s), 1 hit(s), 0 error(s), 1 left on base; Buffalo 1 - Kingston 0
TOP OF THE 4TH
Buffalo LightSabres batting - Pitching for Kingston Iguanas : RHP Tom Hicks
Batting: RHB Ramăo Almana 0-0: Ball
1-0: Ground out 5-3 (Groundball, 56S)
Batting: RHB Alfredo Villegas 0-0: Called Strike
0-1: Ball
1-1: Foul Ball, location: 2F
1-2: Ball
2-2: Foul Ball, location: 2F
2-2: Fly out, F9 (Line Drive, 9D)
Batting: LHB Rob Davidson 0-0: Ball
1-0: Ground out 4-3 (Groundball, 4)
Top of the 4th over - 0 run(s), 0 hit(s), 0 error(s), 0 left on base; Buffalo 1 - Kingston 0
BOTTOM OF THE 4TH
Kingston Iguanas batting - Pitching for Buffalo LightSabres : RHP Albert Colwill
Batting: RHB Luis Aguilar 0-0: Ball
1-0: Called Strike
1-1: Swinging Strike
1-2: Strikes out looking
Batting: RHB Tim Davis 0-0: Ball
1-0: Foul Ball, location: 2F
1-1: Ball
2-1: Ball
3-1: Ground out 4-3 (Groundball, 4M)
Batting: SHB Devin Smith 0-0: Ball
1-0: Foul Ball, location: 2F
1-1: SINGLE (Groundball, 4MD)
Batting: RHB Matt Rodríguez 0-0: Called Strike
0-1: Ball
1-1: Ball
2-1: Fielders Choice at 2nd, 6-4 (Groundball, 6)
Bottom of the 4th over - 0 run(s), 1 hit(s), 0 error(s), 0 left on base; Buffalo 1 - Kingston 0
TOP OF THE 5TH
Buffalo LightSabres batting - Pitching for Kingston Iguanas : RHP Tom Hicks
Batting: RHB Donato Gozende 0-0: Ball
1-0: Ball
2-0: Called Strike
2-1: Ball
3-1: DOUBLE (Popup, 4MD)
Batting: SHB Manuel Jiménez 0-0: Called Strike
0-1: SINGLE (Groundball, 34D)
Donato Gozende to third
Batting: SHB Jason Mason 0-0: Ball
1-0: Fly out, F5 (Popup, 5L)
Batting: RHB Júlio López 0-0: Ball
Manuel Jiménez steals 2nd base
1-0: Called Strike
1-1: Called Strike
1-2: Foul Ball, location: 2F
1-2: Ground out 6-3 (Groundball, 6)
Donato Gozende scores
Manuel Jiménez to third
Batting: LHB Zack Payton 0-0: Ball
1-0: Ball
2-0: Ball
3-0: Base on Balls
Batting: SHB Javier Jiménez 0-0: Called Strike
0-1: Ball
1-1: Ball
2-1: Ball
3-1: Base on Balls
Zack Payton to second
Pitching: RHP Ron Jenkins
Batting: RHB Ramăo Almana 0-0: Called Strike
0-1: Called Strike
0-2: Foul Ball, location: 2F
0-2: Ball
1-2: Ball
2-2: Ball
3-2: Strikes out swinging
Top of the 5th over - 1 run(s), 2 hit(s), 0 error(s), 3 left on base; Buffalo 2 - Kingston 0
BOTTOM OF THE 5TH
Kingston Iguanas batting - Pitching for Buffalo LightSabres : RHP Albert Colwill
Batting: RHB Diego Francisco 0-0: Called Strike
0-1: Ball
1-1: Fly out, F6 (Line Drive, 6)
Batting: RHB Fred McPhun 0-0: Foul Ball, location: 2F
0-1: Foul Ball, location: 2F
0-2: Ball
1-2: Ball
2-2: Ball
3-2: Strikes out swinging
Batting: RHB Jesús Villalobos 0-0: Foul Ball, location: 2F
0-1: Swinging Strike
0-2: Ball
1-2: Foul Ball, location: 2F
1-2: Strikes out swinging
Bottom of the 5th over - 0 run(s), 0 hit(s), 0 error(s), 0 left on base; Buffalo 2 - Kingston 0
TOP OF THE 6TH
Buffalo LightSabres batting - Pitching for Kingston Iguanas : RHP Ron Jenkins
Batting: RHB Alfredo Villegas 0-0: Ball
1-0: Ground out 6-3 (Groundball, 56)
Batting: LHB Rob Davidson 0-0: Ball
1-0: Ball
2-0: Foul Ball, location: 2F
2-1: Foul Ball, location: 2F
2-2: Ball
3-2: SINGLE (Groundball, 34S) (infield hit)
Batting: RHB Donato Gozende 0-0: Called Strike
0-1: Ball
1-1: Swinging Strike
1-2: Ball
2-2: Strikes out swinging
Throwing error on steal attempt, E2
Rob Davidson to third
Batting: SHB Manuel Jiménez 0-0: Called Strike
0-1: Ground out 3-1 (Groundball, 34)
Top of the 6th over - 0 run(s), 1 hit(s), 1 error(s), 1 left on base; Buffalo 2 - Kingston 0
BOTTOM OF THE 6TH
Kingston Iguanas batting - Pitching for Buffalo LightSabres : RHP Albert Colwill
Batting: LHB Will Holt 0-0: Foul Ball, location: 2F
0-1: Ground out 6-3 (Groundball, 6)
Batting: LHB Poto Vasilini 0-0: Ball
1-0: DOUBLE (Line Drive, 7D)
Batting: RHB Luis Aguilar 0-0: Ball
1-0: Ball
2-0: Foul Ball, location: 2F
2-1: DOUBLE (Line Drive, 7LS)
Poto Vasilini scores
Pitching: RHP Ángel Uribe
Batting: RHB Tim Davis 0-0: Ball
1-0: DOUBLE (Line Drive, 9LS)
Luis Aguilar scores
Batting: SHB Devin Smith 0-0: Called Strike
0-1: Ball
1-1: DOUBLE (Flyball, 7D)
Tim Davis scores
Batting: RHB Matt Rodríguez 0-0: Called Strike
0-1: Ground out 4-3 (Groundball, 4)
Devin Smith to third
Batting: RHB Diego Francisco 0-0: Ball
1-0: Ball
Passed Ball!
Devin Smith scores
2-0: Ball
3-0: Base on Balls
Batting: RHB Fred McPhun 0-0: Ball
1-0: Foul Ball, location: 2F
1-1: Swinging Strike
1-2: Ball
2-2: Ball
3-2: Base on Balls
Diego Francisco to second
Batting: RHB Jesús Villalobos 0-0: Ball
1-0: Swinging Strike
1-1: Ball
2-1: Ground out 5-3 (Groundball, 5S)
Bottom of the 6th over - 4 run(s), 4 hit(s), 0 error(s), 2 left on base; Buffalo 2 - Kingston 4
TOP OF THE 7TH
Buffalo LightSabres batting - Pitching for Kingston Iguanas : RHP Ron Jenkins
Batting: SHB Jason Mason 0-0: Ball
1-0: Called Strike
1-1: Swinging Strike
1-2: Ground out U3 (Groundball, 34)
Batting: RHB Júlio López 0-0: Ball
1-0: Foul Ball, location: 2F
1-1: Ball
2-1: Ball
3-1: Called Strike
3-2: Foul Ball, location: 2F
3-2: Base on Balls
Pitching: LHP Ray McKnight
Batting: LHB Zack Payton 0-0: Called Strike
0-1: Swinging Strike
0-2: Ball
1-2: Foul Ball, location: 2F
1-2: Fly out, F9 (Flyball, 89S)
Pitching: RHP Jesús Gonzáles
Batting: SHB Javier Jiménez 0-0: Ball
1-0: Called Strike
1-1: Ball
2-1: Ball
3-1: Called Strike
3-2: Strikes out swinging
Top of the 7th over - 0 run(s), 0 hit(s), 0 error(s), 1 left on base; Buffalo 2 - Kingston 4
BOTTOM OF THE 7TH
Kingston Iguanas batting - Pitching for Buffalo LightSabres : RHP Ángel Uribe
Batting: LHB Will Holt 0-0: Ball
1-0: Foul Ball, location: 2F
1-1: Ball
2-1: Ball
3-1: Called Strike
3-2: Base on Balls
Batting: LHB Poto Vasilini 0-0: Called Strike
0-1: SINGLE (Groundball, 56D)
Will Holt to second
Batting: RHB Luis Aguilar 0-0: Called Strike
0-1: Ball
1-1: Foul Ball, location: 2F
1-2: Foul Ball, location: 2F
1-2: Ball
2-2: Foul Ball, location: 2F
2-2: Ball
3-2: SINGLE (Line Drive, 34D)
Will Holt to third
Poto Vasilini to second
Pitching: RHP Esteban Muńóz
Pinch Hitting: LHB Carlton López 0-0: Ball
1-0: Called Strike
1-1: Called Strike
1-2: Grounds into fielders choice 6-2 (Groundball, 6)
Poto Vasilini to third
Luis Aguilar to second
Pinch Hitting: LHB Billy Anderson 0-0: Foul Ball, location: 2F
0-1: Swinging Strike
0-2: Strikes out looking
Batting: RHB Matt Rodríguez 0-0: Ball
1-0: Ball
Wild Pitch!
Poto Vasilini scores
Luis Aguilar to third
Carlton López to second
2-0: Called Strike
2-1: Ball
3-1: Base on Balls
Batting: RHB Diego Francisco 0-0: Ball
1-0: Foul Ball, location: 2F
1-1: Called Strike
1-2: Strikes out swinging
Bottom of the 7th over - 1 run(s), 2 hit(s), 0 error(s), 3 left on base; Buffalo 2 - Kingston 5
TOP OF THE 8TH
Buffalo LightSabres batting - Pitching for Kingston Iguanas : RHP Jesús Gonzáles
Now in CF: Carlton López
Now in RF: Billy Anderson
Batting: RHB Ramăo Almana 0-0: Ball
1-0: Ball
2-0: Ball
3-0: Base on Balls
Pitching: RHP Brandon Malet
Batting: RHB Alfredo Villegas 0-0: Ball
1-0: Called Strike
1-1: Fly out, F9 (Flyball, 89M)
Batting: LHB Rob Davidson 0-0: Called Strike
0-1: Called Strike
0-2: Ball
1-2: Strikes out swinging
Batting: RHB Donato Gozende 0-0: Called Strike
0-1: Ball
1-1: Swinging Strike
Passed Ball!
Ramăo Almana to second
1-2: Foul Ball, location: 2F
1-2: Ball
2-2: Strikes out swinging
Top of the 8th over - 0 run(s), 0 hit(s), 0 error(s), 1 left on base; Buffalo 2 - Kingston 5
BOTTOM OF THE 8TH
Kingston Iguanas batting - Pitching for Buffalo LightSabres : RHP Esteban Muńóz
Batting: RHB Fred McPhun 0-0: Called Strike
0-1: SOLO HOME RUN (Flyball, 7D), Distance : 383 ft
Batting: RHB Jesús Villalobos 0-0: Ball
1-0: DOUBLE (Flyball, 9D)
Batting: LHB Will Holt 0-0: Fly out, F7 (Flyball, 78D)
Batting: LHB Poto Vasilini 0-0: Ball
1-0: Called Strike
1-1: SINGLE (Flyball, 8RS)
Jesús Villalobos to third
Runner from 3rd tries for Home, SAFE, no throw
Pitching: LHP Tom Workman
Batting: RHB Luis Aguilar Pickoff Throw to First - Out!
0-0: Ball
1-0: Foul Ball, location: 2F
1-1: SOLO HOME RUN (Flyball, 7D), Distance : 372 ft
Batting: LHB Carlton López 0-0: Ball
1-0: Called Strike
1-1: DOUBLE (Line Drive, 78D)
Batting: LHB Billy Anderson 0-0: Ball
1-0: Called Strike
1-1: SINGLE (Line Drive, 9LS)
Carlton López to third
Runner from 3rd tries for Home, SAFE, no throw
Batting: RHB Matt Rodríguez 0-0: Fly out, F9 (Flyball, 9LM)
Bottom of the 8th over - 4 run(s), 6 hit(s), 0 error(s), 1 left on base; Buffalo 2 - Kingston 9
TOP OF THE 9TH
Buffalo LightSabres batting - Pitching for Kingston Iguanas : RHP Brandon Malet
Batting: SHB Manuel Jiménez 0-0: Swinging Strike
0-1: Ball
1-1: Swinging Strike
1-2: Strikes out looking
Batting: SHB Jason Mason 0-0: Foul Ball, location: 2F
0-1: Called Strike
0-2: Ball
1-2: Fly out, F9 (Line Drive, 9)
Batting: RHB Júlio López 0-0: Ball
1-0: Ball
2-0: Ball
3-0: Base on Balls
Batting: LHB Zack Payton 0-0: Called Strike
0-1: Ball
1-1: Foul Ball, location: 2F
1-2: Fly out, F5 (Popup, 5L)
Top of the 9th over - 0 run(s), 0 hit(s), 0 error(s), 1 left on base; Buffalo 2 - Kingston 9
Thursday, March 30th, 2017 - OOTP Baseball 17.12 Build 75